 Dungeon Crawl Stone Soup version 0.31-a0-198-g2ad674f65e (webtiles) character file.

Game seed: 14368373623239677257

175 mopl the Chopper (level 5, -6/38 HPs)
             Began as a Formicid Warper on June 24, 2023.
             Mangled by a sleepcap (13 damage)
             ... on level 4 of the Dungeon on June 25, 2023.
             The game lasted 00:03:21 (2603 turns).

mopl the Chopper (Formicid Warper)                  Turns: 2603, Time: 00:03:21

Health: -6/38      AC:  4    Str: 15    XL:     5   Next: 85%
Magic:  9/9        EV:  2    Int: 15    God:
Gold:   156        SH:  0    Dex: 13    Spells: 1/10 levels left

rFire   . . .        a - +0 hand axe (flame)
rCold   . . .        t - +0 buckler
rNeg    . . .        b - +0 leather armour
rPois   .            (helmet unavailable)
rElec   .            (no cloak)
rCorr   .            (no gloves)
SInv    +            p - +0 pair of boots
Will    .....        (no amulet)
Stlth   +            (no ring)
HPRegen 0.26/turn    (no ring)
MPRegen 0.11/turn

%: no passive effects
@: sleeping
A: permanent stasis, dig shafts and tunnels, antennae 3, four strong arms
a: Dig, Shaft Self


You were on level 4 of the Dungeon.
You visited 1 branch of the dungeon, and saw 4 of its levels.

You collected 156 gold pieces.

Inventory:

Hand Weapons
 a - a +0 hand axe of flaming (weapon)
Missiles
 d - 7 boomerangs of dispersal
 e - 6 curare-tipped darts
 g - 15 poisoned darts (quivered)
 i - a throwing net
 k - 4 silver javelins
Armour
 b - a +0 leather armour (worn)
 p - a +0 pair of boots (worn)
 t - a +0 buckler (worn)
Jewellery
 m - a ring of fire
 x - a ring of flight
Scrolls
 c - a scroll of blinking
 f - 2 scrolls of revelation {unknown}
 h - a scroll of enchant armour {unknown}
 n - 3 scrolls of vulnerability {unknown}
 o - 4 scrolls of identify {unknown}
 r - a scroll of brand weapon {unknown}
 s - a scroll of summoning {unknown}
 y - a scroll of teleportation {unknown}
 C - a scroll of poison {unknown}
Potions
 j - 2 potions of enlightenment {unknown}
 l - 2 potions of lignification {unknown}
 q - a potion of berserk rage {unknown}
 u - a potion of attraction {unknown}
 v - a potion of resistance {unknown}
 w - a potion of curing {unknown}
 z - 2 potions of haste {unknown}
 A - a potion of mutation {unknown}
 B - a potion of cancellation {unknown}


   Skills:
 - Level 2.1 Fighting
 * Level 3.9 Axes
 - Level 1.0 Throwing
 - Level 1.1 Armour
 - Level 1.7 Dodging
 + Level 2.1 Shields
 + Level 3.2 Spellcasting
 + Level 3.5 Translocations


You had one spell level left.
You knew the following spells:

 Your Spells              Type           Power      Damage    Failure   Level
a - Manifold Assault      Tloc           12%        N/A       61%         4
b - Lesser Beckoning      Tloc           24%        N/A       12%         2
t - Teleport Other        Tloc           12%        N/A       24%         3

Your spell library contained the following spells:

 Spells                   Type           Power      Damage    Failure   Level
 Blink                    Tloc           Unusable   N/A       N/A         2
 Vhi's Electric Charge    Tloc/Air       Unusable   N/A       N/A         3

Dungeon Overview and Level Annotations

Branches:
Dungeon (4/15)
 Temple: D:4-7

Altars:
Ashenzari

Shops:
D:3 :


Innate Abilities, Weirdness & Mutations

You cannot be hasted, slowed, berserked, paralysed or teleported.
You can dig through walls and to a lower floor.
You have a pair of large antennae on your head. (SInv)
Your four strong arms can wield two-handed weapons with a shield.


Message History

You are engulfed in a cloud of soporific spores!
You fall asleep.
The orc barely misses you.
You wake up.
You hit the sleepcap. You burn the sleepcap.
The sleepcap is moderately damaged.
You closely miss the orc. You block the sleepcap's attack.
The orc barely misses you.
Unknown command.
You hit the sleepcap. You burn the sleepcap.
The sleepcap is moderately damaged.
You hit the orc. You burn the orc. The orc hits you with a +0 hand axe.
The sleepcap releases spores at you.
You are engulfed in a cloud of soporific spores!
You are unaffected.
You closely miss the orc.
The orc is severely wounded.
You completely miss the sleepcap. The orc hits you but does no damage.
The sleepcap releases spores at you.
You are engulfed in a cloud of soporific spores!
You are unaffected.
The sleepcap closely misses you. The orc hits you with a +0 hand axe.
You are too injured to fight recklessly!
Unknown command.
You are too injured to fight recklessly!
Unknown command.
The sleepcap attacks as you move away! You block the sleepcap's attack.
You hit the sleepcap but do no damage.
The sleepcap is moderately damaged.
The sleepcap releases spores at you.
You hit the sleepcap. You burn the sleepcap.
The sleepcap is heavily damaged.
The sleepcap releases spores at you.
You hit the sleepcap. You burn the sleepcap.
The sleepcap is severely damaged.
The sleepcap releases spores at you.
* * * LOW HITPOINT WARNING * * *
You are engulfed in a cloud of soporific spores!
You fall asleep.
The sleepcap releases spores at you!
You die...

####### #...... #......
#......
#################......
.......................
###.....####....####..
+.....'..+....+<....
#..@..####....##....
###f###.............
#og.+.............
....#.............
.#...+...........<.
#.#.###............. #
#.# ####+######### ...
{ ... {


You could see a sleepcap, an orc and a goblin.

Vanquished Creatures
  A scorpion (D:3)
  An orc priest (D:3)
  An adder (D:3)
  A worm (D:3)
  A dart slug (D:3)
  3 orcs (D:3)
  3 bats
  6 endoplasms
  2 giant cockroaches
  4 goblins (D:3)
  7 hobgoblins
  10 jackals
  9 kobolds
  5 quokkas
  4 ball pythons
  2 frilled lizards
  4 rats
64 creatures vanquished.

Notes
Turn   | Place    | Note
-------+----------+-------------------------------------------
     0 | D:1      | mopl the Formicid Warper began the quest for the Orb.
     0 | D:1      | Reached XP level 1. HP: 16/16 MP: 3/3
   225 | D:1      | Reached XP level 2. HP: 16/22 MP: 5/5
   294 | D:1      | Learned a level 2 spell: Lesser Beckoning
   564 | D:1      | Reached XP level 3. HP: 22/27 MP: 6/6
   568 | D:1      | Learned a level 3 spell: Teleport Other
   589 | D:1      | Reached skill level 3 in Translocations
   974 | D:2      | Upgraded the game from 0.31-a0-196-g86fe4a5e66 to
                  | 0.31-a0-198-g2ad674f65e
  1188 | D:2      | Found a faded altar of an unknown god.
  1591 | D:2      | Reached skill level 3 in Axes
  1926 | D:3      | Found Keidwi's Vocational Training.
  2008 | D:3      | Reached XP level 4. HP: 33/33 MP: 6/8
  2010 | D:3      | Reached skill level 1 in Shields
  2107 | D:3      | Found a broken altar of Ashenzari.
  2146 | D:3      | Noticed a scorpion
  2151 | D:3      | Killed a scorpion
  2152 | D:3      | Reached skill level 3 in Spellcasting
  2152 | D:3      | Reached XP level 5. HP: 32/38 MP: 9/9
  2333 | D:3      | Reached skill level 2 in Shields
  2569 | D:4      | Learned a level 4 spell: Manifold Assault
  2603 | D:4      | Mangled by a sleepcap

Illustrated notes

Levels and vault maps discovered:
D:1:      dreamdust_arrival_beginning_and_end, layout_loops_corners
D:2:      layout_loops_corners, ebering_ecumenical_altar_rust,
          hangedman_decor_growths, corexii_hall_statues_l, hangedman_decor_push,
          minmay_bisected
D:3:      layout_rooms, nicolae_ashenzari_skybound, minmay_misc_feat_five,
          nicolae_shop_vocational
D:4:      layout_basic, serial_shops, nicolae_shop_crystal, uniq_robin,
          uniq_pikel

Skill      XL: |  1  2  3  4  5 |
---------------+----------------+-----
Translocations | 3 |  3.5
Axes           | 3 |  3.9
Shields        | 1 2 |  2.1
Spellcasting   | 3 |  3.2
Fighting       | |  2.1
Throwing       | |  1.0
Armour         | |  1.1
Dodging        | |  1.7

Action                     |  1- 3 |  4- 6 || total
---------------------------+-------+-------++-------
  Melee: Hand axe          |   155 |    73 ||   228
         Punch             |     1 |       ||     1
  Throw: Dart              |       |     2 ||     2
 Armour: Leather armour    |    48 |    16 ||    64
  Dodge: Dodged            |   122 |    31 ||   153
  Block: Buckler           |    17 |    17 ||    34

Table legend: (Time is in decaauts)
 A = Elapsed time spent in this place.
 B = Non-inter-level travel time spent in this place.
 C = Inter-level travel time spent in this place.
 D = Time resting spent in this place.
 E = Time spent auto-exploring this place.
 F = Levels seen in this place.
 G = Mean time per level.
                   A        B        C        D        E       F      G
               +--------+--------+--------+--------+--------+-----+--------+
         Total |   2644 |   2553 |     91 |     84 |   1918 |   4 |  661.0 |
       Dungeon |   2644 |   2553 |     91 |     84 |   1918 |   4 |  661.0 |
               +--------+--------+--------+--------+--------+-----+--------+

Top non-repeatable levels by time:
     D:1: 986 daAuts
     D:2: 951 daAuts
     D:3: 657 daAuts
     D:4: 49 daAuts
